 Dungeon Crawl Stone Soup version 0.30-a0-263-ge22c4ad894 (webtiles) character file.

Game seed: 5028102329630983295

29 ytrimaz the Cutter (level 3, -5/31 (34) HPs)
             Began as a Kobold Berserker on Oct 13, 2022.
             Was a Follower of Trog.
             Slain by Terence
             ... wielding a +1 flail of draining
              (10 damage)
             ... on level 2 of the Dungeon.
             The game lasted 00:01:11 (1135 turns).

ytrimaz the Cutter (Kobold Berserker)               Turns: 1135, Time: 00:01:11

HP:   -5/31 (34)    AC:  2    Str: 14    XL:     3   Next: 32%
MP:   3/3           EV: 15    Int:  8    God:    Trog [*.....]
Gold: 64            SH:  0    Dex: 16    Spells: 2/2 levels left

rFire   . . .      SeeInvis .    a - +0 short sword
rCold   . . .      Faith    .    (no shield)
rNeg    . . .      Spirit   .    b - +0 animal skin
rPois   .          Reflect  .    (no helmet)
rElec   .          Harm     .    (no cloak)
rCorr   .          Rampage  .    (no gloves)
Will    .....                    (no boots)
Stlth   ..........               d - amulet of the acrobat
HPRegen 0.25/turn                (no ring)
MPRegen 0.08/turn                (no ring)

@: berserking, drained, very quick
A: small, no large weapons, nightstalker 3
a: Renounce Religion, Berserk


You were on level 2 of the Dungeon.
You worshipped Trog.
Trog was aware of your devotion.
You visited 1 branch of the dungeon, and saw 2 of its levels.

You collected 64 gold pieces.


Innate Abilities, Weirdness & Mutations

You are small and have problems with some larger weapons.
You are completely attuned to the shadows.


   Skills:
 - Level 3.2 Fighting
 + Level 4.9 Short Blades
 - Level 1.5 Armour
 - Level 2.4 Dodging
 + Level 2.7 Stealth


You had 2 spell levels left.
You didn't know any spells.
Your spell library was empty.

Inventory:

Hand Weapons
 a - a +0 short sword (weapon)
Armour
 b - a +0 animal skin (worn)
Jewellery
 d - an amulet of the acrobat (around neck)
   (You found it on level 1 of the Dungeon)
 f - an amulet of reflection
   (You found it on level 1 of the Dungeon)
Scrolls
 c - 2 scrolls of identify {unknown}
 i - a scroll of teleportation {unknown}
 j - a scroll of brand weapon {unknown}
Potions
 e - a potion of curing {unknown}
 g - a potion of invisibility {unknown}
 h - a potion of resistance {unknown}

Dungeon Overview and Level Annotations

Branches:
Dungeon (2/15) Zot: 10881

Altars:

Shops:
D:2 [

Annotations:
D:2 Terence

#........#
#........#
.......###
..........#
...).......#
.......$...#
.......#####
.......#
....@..#
...@...#
####.### #..
###


You could see Terence.


Message History

You climb downwards.
There is a stone staircase leading up here.
Unknown command.
A goblin comes into view. It is wielding a +0 dagger.
The goblin shouts!
A goblin is nearby!
A goblin is nearby!
A goblin is nearby!
You hit the goblin but do no damage. You hit the goblin.
The goblin hits you with a +0 dagger. 😕 HP[-3]
You take 3 damage, and now have 20/23 hp.
You closely miss the goblin. The goblin misses you.
You closely miss the goblin. You hit the goblin.
You kill the goblin!
Trog accepts your kill. 😕 HP[+1]
A frilled lizard comes into view.
Unknown command.
Things that are here:
a +0 dagger; a goblin corpse; 😕 HP[+1]
A frilled lizard is nearby!
A frilled lizard is nearby! 😎 HP[+1]
Your hp is fully restored (23).
The frilled lizard hisses angrily.
The frilled lizard completely misses you.
You barely miss the frilled lizard. The frilled lizard misses you.
You hit the frilled lizard. The frilled lizard barely misses you.
You hit the frilled lizard but do no damage.
You hit the frilled lizard.
You kill the frilled lizard!
Trog accepts your kill.
You see here a frilled lizard corpse.
You now have 64 gold pieces (gained 14).
Key pressed, stopping explore.
Unknown command.
j - a scroll labelled MUYNLI NOQ MEA
Things that are here:
a +0 dagger; a goblin corpse Key pressed, stopping explore.
Unknown command.
You see here a +0 scale mail.
c - 2 scrolls labelled CEBRAEXTO VAEL (gained 1)
Found a stone staircase leading down.
A hobgoblin comes into view.
A hobgoblin is nearby!
A hobgoblin is nearby!
A hobgoblin is nearby!
The helpless hobgoblin fails to defend itself.
You puncture the hobgoblin!
You kill the hobgoblin!
Trog accepts your kill.
No target in view!
A ball python comes into view.
A ball python is nearby!
A ball python is nearby!
A ball python is nearby!
A ball python is nearby!
The helpless ball python fails to defend itself.
You puncture the ball python!
You kill the ball python!
Trog accepts your kill.
No target in view!
No target in view!
Found Owu Woadgh's Armour Emporium.
A dart slug comes into view.
Okay, then.
There is an entrance to Owu Woadgh's Armour Emporium here.
The helpless dart slug fails to defend itself.
You puncture the dart slug!
You kill the dart slug!
Trog accepts your kill.
No target in view!
You see here a dart slug corpse.
There is an entrance to Owu Woadgh's Armour Emporium here.
You see here a dart slug corpse.
Key pressed, stopping explore.
Terence the Incautious comes into view.
He is wielding a +1 flail of draining.
You see here 3 gold pieces.
Terence shouts!
Terence completely misses you.
You barely miss Terence.
Terence hits you with a +1 flail of draining!
You feel drained. 😮 HP[-10]
You now have 22 max hp (-1).
You take 10 damage, and now have 13/22 hp.
MASSIVE DAMAGE!! (PAUSE)
Okay, then.
A red film seems to cover your vision as you go berserk!
You feel yourself moving faster!
You feel mighty!
Terence hits you with a +1 flail of draining!
* * * LOW HITPOINT WARNING * * *
You feel drained.
* * * LOW HITPOINT WARNING * * *
You puncture Terence!
Terence hits you with a +1 flail of draining!
You die...

Skill      XL: |  1  2 |
---------------+-------+-----
Stealth        | 1 2 |  2.7
Fighting       | |  3.2
Short Blades   | |  4.9
Armour         | |  1.5
Dodging        | |  2.4

Action                   || total
-------------------------++-------
Melee: Short sword       ||    76
       Punch             ||     2
Invok: Berserk           ||     1
 Stab: Sleeping          ||    10
Armor: Animal skin       ||     8
Dodge: Dodged            ||    45

Levels and vault maps discovered:
D:1:      dpeg_arrival_renting, layout_loops_corners,
          minmay_misc_feat_more_columns
D:2:      layout_basic, serial_shops, nicolae_shop_advertising_works
          [nicolae_subvault_shop_adworks], grunt_ministairs_12, uniq_terence

Notes
Turn   | Place    | Note
-------+----------+-------------------------------------------
     0 | D:1      | ytrimaz the Kobold Berserker began the quest for the Orb.
     0 | D:1      | Reached XP level 1. HP: 14/14 MP: 1/1
     0 | D:1      | magus.rc [v1.9.6]
   228 | D:1      | Reached skill level 1 in Stealth
   332 | D:1      | Reached XP level 2. HP: 19/19 MP: 2/2
   577 | D:1      | Reached skill level 2 in Stealth
   883 | D:1      | Reached XP level 3. HP: 23/23 MP: 3/3
  1087 | D:2      | Found Owu Woadgh's Armour Emporium.
  1129 | D:2      | Noticed Terence
  1134 | D:2      | HP: 5/31 [Terence/+1 flail of draining (5)]
  1135 | D:2      | Slain by Terence

Vanquished Creatures
  A dart slug (D:2)
  A ball python (D:2)
  A bat (D:1)
  4 giant cockroaches (D:1)
  3 goblins
  5 hobgoblins
  3 jackals (D:1)
  2 frilled lizards
  A kobold (D:1)
  A rat (D:1)
22 creatures vanquished.

Table legend:
 A = Non-vault XP
 B = Vault XP
 C = Vault XP percentage of total XP
 D = Non-vault monster count
 E = Vault monster count
 F = Vault count percentage of total count
                 A         B        C        D         E       F
            +---------+---------+-------+---------+---------+-------
      Total |      42 |       0 |   0.0 |      22 |       0 |   0.0
            +---------+---------+-------+---------+---------+-------
        D:1 |      31 |       0 |   0.0 |      17 |       0 |   0.0
        D:2 |      11 |       0 |   0.0 |       5 |       0 |   0.0
            +---------+---------+-------+---------+---------+-------

Illustrated notes

Table legend:
 A = Kills in this place as a percentage of kills in entire the game.
 B = Kills by you in this place as a percentage of kills by you in the entire game.
 C = Kills by friends in this place as a percentage of kills by friends in the entire game.
 D = Other kills in this place as a percentage of other kills in the entire game.
 E = Experience gained in this place as a percentage of experience gained in the entire game.
 F = Experience gained in this place divided by the number of levels of this place that you have seen.
                   A       B       C       D       E      F
               +-------+-------+-------+-------+-------+----------------------
         Total | 100.0 | 100.0 |   N/A |   N/A | 100.0 |  21.0
       Dungeon | 100.0 | 100.0 |   N/A |   N/A | 100.0 |  21.0
               +-------+-------+-------+-------+-------+----------------------

Table legend: (Time is in decaauts)
 A = Elapsed time spent in this place.
 B = Non-inter-level travel time spent in this place.
 C = Inter-level travel time spent in this place.
 D = Time resting spent in this place.
 E = Time spent auto-exploring this place.
 F = Levels seen in this place.
 G = Mean time per level.
                   A        B        C        D        E       F      G
               +--------+--------+--------+--------+--------+-----+--------+
         Total |   1118 |   1107 |     11 |      0 |    926 |   2 |  559.0 |
       Dungeon |   1118 |   1107 |     11 |      0 |    926 |   2 |  559.0 |
               +--------+--------+--------+--------+--------+-----+--------+

Top non-repeatable levels by time:
     D:1: 968 daAuts
     D:2: 149 daAuts
